AoeStats
← Shaman Twain

Migration

509332167Analyzed
1v1 RM · 7d ago on Sep 26, 2026· 40m 27s· 2 players
Game mode
Random Map
Map size
132×132
Population
200
Speed
Normal
Resources
Standard
Victory
Conquest
Starting age
Dark Age
Ending age
Imperial Age
RankedLock teamsTeams togetherTeam positionsShared explorationLock speedFull tech treeHidden civsTurbo modeCheats
Victory
Defeat
🇫🇷 Koreans · France
1010
+14
🇮🇳 Dravidians · India
976
-14
Shaman Twain
11:35 Feudal Age
12:13 Double-Bit Axe
15:15 Fletching
19:01 Fishing Lines
22:12 Castle Age
20:04 Loom
22:19 Castle Age
21:25 Horse Collar
23:24 Gold Mining
23:47 Bow Saw
23:51 Medium Warships
23:40 Bodkin Arrow
28:26 Pikeman
34:07 Heavy Plow
37:22 Imperial Age
35:58 Scale Mail Armor
36:09 Forging
37:40 Halberdier
38:40 Squires
39:27 Wheelbarrow
41:45 Chemistry
Bastos349454
9:29 Loom
12:18 Feudal Age
12:59 Double-Bit Axe
12:58 Fishing Lines
13:21 Gold Mining
14:36 Wheelbarrow
13:47 Town Watch
17:15 Fletching
21:06 Castle Age
22:07 Medium Warships
21:49 Gillnets
21:57 Bodkin Arrow
22:24 Bow Saw
23:25 Ballistics
23:02 Murder Holes
23:44 Careening
23:50 Clinker Construction
23:53 Careening
23:39 Murder Holes
23:41 Crossbowman
35:42 Imperial Age
33:38 Eupseong
37:47 Chemistry
38:08 Block Printing
38:35 Hand Cart
Connection lost

Rejoining the realm…

Still unreachable

The connection could not be restored.

Session expired

The server has moved on; the page needs a fresh start.